 Dungeon Crawl Stone Soup version 0.19.0 (webtiles) character file.

88 Cacophonie the Cudgeler (level 4, -8/35 HPs)
             Began as a Demonspawn Abyssal Knight on Nov 12, 2016.
             Was a Believer of Lugonu.
             Mangled by an orc warrior
             ... wielding a +4 mace
              (9 damage)
             ... on level 3 of the Dungeon.
             The game lasted 00:11:27 (2875 turns).

Cacophonie the Cudgeler (Demonspawn Abyssal Knight) Turns: 2875, Time: 00:11:28

Health: -8/35      AC:  8    Str: 14    XL:     4   Next: 29%
Magic:  0/5        EV:  9    Int: 13    God:    Lugonu [**....]
Gold:   78         SH:  0    Dex: 12    Spells: 0 memorised, 3 levels left

rFire  . . .     SeeInvis .     a - +1 mace
rCold  . . .     Gourm    .     n - +0 scale mail
rNeg   . . .     Faith    .     (no shield)
rPois  .         Spirit   +     (no helmet)
rElec  .         Reflect  .     (no cloak)
rCorr  .         Harm     .     (no gloves)
MR     .....                    (no boots)
Stlth  ..........               (no amulet)
                                (no ring)
                                (no ring)

@: slowed, very slow
A: icy blue scales 1, magic shield, magic regeneration
a: Depart the Abyss, Bend Space, Renounce Religion


You were on level 3 of the Dungeon.
You worshipped Lugonu.
Lugonu was pleased with you.
You were hungry.

You visited 1 branch of the dungeon, and saw 3 of its levels.
You visited the Abyss 1 time.

You collected 78 gold pieces.


Message History

The orc wizard blinks!!!
The orc warrior closely misses you!
The orc warrior hits you with an enchanted mace!
The orc wizard mumbles some strange words!
The orc wizard blinks!!!
The orc warrior hits you with an enchanted mace!!!
The orc wizard barely misses you!
You flatten the orc warrior but do no damage!
The orc warrior barely misses you!
The orc wizard casts a spell!
The orc wizard blinks!!!
You completely miss the orc warrior!
The orc warrior hits you with an enchanted mace!!! x2 * * * don't die
* * * You closely miss the orc warrior!
The orc warrior hits you with an enchanted mace!!! * * * don't die
* * * The orc wizard gestures wildly while chanting!
The orc wizard blinks!!!
The orc warrior hits you with an enchanted mace!!! rip

#...............
#..######.############
#.......#.#...........
#..####.#.#.####.####.
#..#....#.#....#.#....
#..#.####.####.#.#.###
#..#........รท..#.#....
#..#############.#####
#...o@o.oo............
#...#####.#########>..
#.### #.#########..#
#.# #...........## #.#
############# #.# #.#
#.####################
#.....................


You could see an orc warrior, an orc wizard and 2 orcs.

Inventory:

Hand Weapons
 a - a +1 mace (weapon)
 q - a +0 blowgun
Missiles
 f - 44 stones (quivered)
 r - 10 poisoned needles
Armour
 b - a +0 leather armour
 e - a +1 chain mail
 n - a +0 scale mail (worn)
Scrolls
 d - 2 scrolls of enchant weapon {unknown}
 i - a scroll of amnesia
 l - a scroll of remove curse {unknown}
Potions
 g - 2 potions of lignification
 j - a potion of might {unknown}
 m - a potion of heal wounds
 o - a potion of magic
 p - a potion of berserk rage
Comestibles
 c - a bread ration
 h - a beef jerky
 k - a chunk of flesh


   Skills:
 - Level 3.0 Fighting
 + Level 4.1 Maces & Flails
 - Level 1.7 Armour
 - Level 0.8 Dodging
 - Level 2.4 Invocations


You had 3 spell levels left.
You didn't know any spells.


Innate Abilities, Weirdness & Mutations

You are partially covered in icy blue scales. (AC +2)
When hurt, damage is shared between your health and your magic reserves.
You regenerate magic rapidly.

Dungeon Overview and Level Annotations

Branches:
Dungeon (3/15)

Altars:
Hepliaklqana
Yredelemnul

Vault maps used:
D:1:      evilmike_arrival_hilbert_curve
D:2:      lemuel_tele_altar
D:3:      kennysheep_the_goblin_king, old_standard_altar, minmay_misc_feat_tiny,
          roderic_lattice_a, serial_bayou_lagoon_b
Abyss:1:  evilmike_abyss_exit_plants

Vanquished Creatures
  4 adders
  2 worms (D:2)
  A dart slug (D:1)
  2 leopard geckos
  2 orcs (D:3)
  3 bats
  2 giant cockroaches (D:1)
  8 goblins
  3 hobgoblins
  A quokka (D:3)
  A ball python (D:3)
  3 frilled lizards
  4 kobolds
  6 rats
42 creatures vanquished.

Notes
Turn   | Place    | Note
-------+----------+-------------------------------------------
     0 | Abyss:1  | Cacophonie the Demonspawn Abyssal Knight began the quest for the Orb.
     0 | Abyss:1  | Reached XP level 1. HP: 18/18 MP: 2/2
     9 | D:1      | Escaped the Abyss
   217 | D:1      | Reached skill level 2 in Maces & Flails
   512 | D:1      | Gained mutation: When hurt, damage is shared between your health and your magic reserves. [demonic ancestry]
   512 | D:1      | Reached XP level 2. HP: 24/24 MP: 3/3
  1370 | D:2      | Reached skill level 3 in Maces & Flails
  1568 | D:2      | HP: 1/24 [adder (1)]
  1569 | D:2      | Gained mutation: You are partially covered in icy blue scales. (AC +2) [demonic ancestry]
  1569 | D:2      | Reached XP level 3. HP: 2/29 MP: 1/4
  1759 | D:2      | Found a basalt altar of Yredelemnul.
  2121 | D:3      | Reached ** piety under Lugonu
  2134 | D:3      | Found a hazy altar of Hepliaklqana.
  2355 | D:3      | Gained mutation: You regenerate magic rapidly. [demonic ancestry]
  2355 | D:3      | Reached XP level 4. HP: 32/35 MP: 3/5
  2456 | D:3      | Reached skill level 4 in Maces & Flails
  2807 | D:3      | Noticed an orc warrior
  2874 | D:3      | HP: 1/35 [orc warrior/enchanted mace (6)]
  2875 | D:3      | Mangled by an orc warrior
